 Dungeon Crawl Stone Soup version 0.25.0-26-g0c896c7088 (webtiles) character file.

Game seed: 11632776716202453374

1006 mortelune the Chopper (level 8, -1/63 HPs)
             Began as a Demonspawn Chaos Knight on July 4, 2020.
             Was a Plaything of Xom.
             Slain by Edmund
             ... wielding a +4 flail of protection
              (11 damage)
             ... on level 4 of the Dungeon.
             The game lasted 00:07:07 (5255 turns).

mortelune the Chopper (Demonspawn Chaos Knight)     Turns: 5255, Time: 00:07:08

Health: -1/63      AC: 10    Str: 14    XL:     8   Next: 0%
Magic:  8/8        EV: 10    Int: 13    God:    Xom [.*....]
Gold:   1840       SH:  5    Dex: 14    Spells: 7/7 levels left

rFire    . . .     SeeInvis .   a - +1 hand axe (chaos)
rCold    . . .     Gourm    .   q - +2 buckler {reflect}
rNeg     . . .     Faith    .   b - +2 leather armour
rPois    .         Spirit   .   o - +0 helmet
rElec    .         Reflect  +   (no cloak)
rCorr    .         Harm     .   v - +0 pair of gloves
MR       .....                  (no boots)
Stlth    +.........             (no amulet)
HPRegen  0.20/turn              (no ring)
MPRegen  0.11/turn              (no ring)

@: no status effects
A: hooves 2, molten scales 1, spiny 1
a: Renounce Religion


You were on level 4 of the Dungeon.
You worshipped Xom.
You were a plaything of Xom.
You were hungry.

You visited 1 branch of the dungeon, and saw 5 of its levels.

You collected 1840 gold pieces.

Inventory:

Hand Weapons
 a - a +1 hand axe of chaos (weapon)
Missiles
 f - 2 boomerangs of dispersal (quivered)
Armour
 b - a +2 leather armour (worn)
 o - a +0 helmet (worn)
 q - a +2 buckler of reflection (worn)
 v - a +0 pair of gloves (worn)
Jewellery
 k - an uncursed ring of flight {unknown}
 w - an uncursed ring of poison resistance {unknown}
Wands
 m - a wand of paralysis (6)
 u - a wand of polymorph (13)
 x - a wand of iceblast (12)
Scrolls
 e - 3 scrolls of identify {unknown}
 g - a scroll of enchant weapon
 h - 7 scrolls of teleportation {unknown}
 p - a scroll of immolation
 t - a scroll of fog {unknown}
Potions
 d - a potion of invisibility {unknown}
 i - a potion of ambrosia {unknown}
 n - 3 potions of mutation {unknown}
 r - 3 potions of heal wounds
 s - a potion of curing {unknown}
Comestibles
 c - 7 rations


   Skills:
 + Level 5.4 Fighting
 * Level 6.5 Axes
 + Level 4.5 Armour
 - Level 0.8 Dodging


You had 7 spell levels left.
You didn't know any spells.
Your spell library contained the following spells:

 Spells                   Type           Power        Failure   Level  Hunger
 Animate Skeleton         Necr           N/A          54%         1    ##.....


Dungeon Overview and Level Annotations

Branches:
Dungeon (5/15)             Temple (0/1) D:4

Altars:
Gozag
Kikubaaqudgha
Nemelex Xobeh
Okawaru
Sif Muna
Trog
Vehumet
Zin
The Shining One

Annotations:
D:4 Edmund, Grinder


Innate Abilities, Weirdness & Mutations

You have hoof-like feet.
You are partially covered in molten scales. (AC +2)
You are partially covered in sharp spines.


Message History

You closely miss something. You kick something. Something hits you.
You hit something.
Nothing appears to happen.
You barely miss something. You hit something but do no damage.
You completely miss something. You kick something. Something hits you.
You closely miss something. You slash something!
Xom is amused.
Nothing appears to happen.
Something hits you!
You closely miss something. Your kick misses something. Something hits you.
You hit something but do no damage. You kick something.
Something hits you but does no damage.
You hit something but do no damage. You kick something. Something hits you.
You closely miss something. You kick something. Something hits you!
You closely miss something. You closely miss something. Something hits you!
* * * LOW HITPOINT WARNING * * *
You miss something. Your kick misses something. Something hits you!
You die... "Boring in life, boring in death..."

######.#......# #.#
#.............####.###
#.............#......#
#....................####
########................#
#................. p
#......≈≈≈≈≈......
#....≈≈≈≈≈≈≈≈≈....
#@.≈≈≈≈≈≈≈≈≈≈≈≈≈..
#{≈≈≈≈≈≈≈≈≈≈≈≈≈≈≈.
#.≈≈≈≈≈≈(..≈≈≈≈≈≈.
#.≈≈≈≈≈≈.>.≈≈≈≈≈≈.
.######.≈≈≈≈≈≈...≈≈≈≈≈≈.
.........≈≈≈≈≈≈≈≈≈≈≈≈≈..
...........≈≈≈≈≈≈≈≈≈....
.............≈≈≈≈≈......
........................


There were no monsters in sight!

Vanquished Creatures
  Pikel (D:4)
  Sigmund (D:4)
  A centaur (D:3)
  Blork the orc (D:4)
  A scorpion (D:4)
  Natasha (thrice) (D:2)
  2 worker ants (D:5)
  2 adders
  A shadow imp (D:5)
  An ooze (D:3)
  An adder zombie (D:1)
  An adder skeleton (D:4)
  2 worms
  4 dart slugs
  3 leopard geckos
  6 bats
  A bat zombie (D:1)
  4 giant cockroaches (D:1)
  6 goblins
  8 hobgoblins
  10 jackals
  3 quokkas
  2 frilled lizards
  8 kobolds
  A quokka skeleton (D:4)
  10 rats
84 creatures vanquished.

Vanquished Creatures (others)
  4 slaves (D:4)
4 creatures vanquished.

Grand Total: 88 creatures vanquished

Notes
Turn   | Place    | Note
-------+----------+-------------------------------------------
     0 | D:1      | mortelune the Demonspawn Chaos Knight began the quest for
                  | the Orb.
     0 | D:1      | Reached XP level 1. HP: 18/18 MP: 1/1
   247 | D:1      | XOM: divination: magic mapping
   256 | D:1      | XOM: divination: detect creatures
   279 | D:1      | Reached skill level 3 in Axes
   279 | D:1      | Gained mutation: You have large cloven feet. [demonic
                  | ancestry]
   279 | D:1      | Reached XP level 2. HP: 24/24 MP: 2/2
   678 | D:1      | XOM: silly message
   891 | D:1      | Reached XP level 3. HP: 21/29 MP: 3/3
  1022 | D:1      | XOM is BORED!
  1598 | D:2      | Noticed Natasha
  1609 | D:2      | Killed Natasha
  1609 | D:2      | Gained mutation: You are partially covered in sharp spines.
                  | [demonic ancestry]
  1609 | D:2      | Reached XP level 4. HP: 12/35 MP: 4/4
  1969 | D:2      | Found a bloodstained altar of Trog.
  2024 | D:2      | XOM: divination: detect items
  2098 | D:2      | Noticed Natasha
  2105 | D:2      | Killed Natasha
  2107 | D:2      | Reached skill level 4 in Axes
  2252 | D:2      | Found a sparkling altar of Nemelex Xobeh.
  2253 | D:2      | Found an opulent altar of Gozag.
  2290 | D:2      | Found an ancient bone altar of Kikubaaqudgha.
  2294 | D:2      | Found a shimmering blue altar of Sif Muna.
  2295 | D:2      | Found a radiant altar of Vehumet.
  2297 | D:2      | Identified Kikubaaqudgha's Volume of Necromancy
  2330 | D:2      | Noticed Natasha
  2332 | D:2      | XOM: blink monster(s)
  2335 | D:2      | XOM: confusion (+ monsters)
  2336 | D:2      | XOM: swap monsters
  2340 | D:2      | XOM: polymorph goblin -> dart slug
  2358 | D:2      | Killed Natasha
  2358 | D:2      | Gained mutation: You have hoof-like feet. [demonic
                  | ancestry]
  2358 | D:2      | Reached XP level 5. HP: 32/42 MP: 5/5
  2389 | D:2      | XOM: summons 3 hostile demons
  2719 | D:2      | Found a glowing silver altar of Zin.
  2719 | D:2      | Found a glowing golden altar of the Shining One.
  2725 | D:2      | Found an iron altar of Okawaru.
  2727 | D:2      | Found a faded altar of an unknown god.
  2729 | D:2      | Found a faded altar of an unknown god.
  2795 | D:2      | XOM: god gift: runed buckler {god gift}
  2857 | D:3      | Noticed a shapeshifter
  2857 | D:3      | a hobgoblin changed into a shapeshifter
  2857 | D:3      | Noticed a wind drake
  2857 | D:3      | a shapeshifter changed into a wind drake
  2860 | D:3      | Noticed a harpy
  2860 | D:3      | a wind drake changed into a harpy
  2861 | D:3      | a harpy changed into something unseen
  2865 | D:3      | HP: 1/42 [something (10)]
  2865 | D:3      | XOM: butterfly on damage
  3186 | D:3      | Noticed a centaur
  3194 | D:3      | Killed a centaur
  3253 | D:3      | XOM: god gift: 1660 gold pieces
  3570 | D:4      | XOM: silly message
  3571 | D:4      | XOM: summons 5 friendly demons
  3575 | D:4      | Gained mutation: You are partially covered in molten
                  | scales. (AC +2) [demonic ancestry]
  3575 | D:4      | Reached XP level 6. HP: 38/48 MP: 6/6
  3584 | D:4      | XOM: silly message
  3693 | D:4      | Found a staircase to the Ecumenical Temple.
  3754 | D:4      | Noticed a slave
  3754 | D:4      | Noticed a slave
  3754 | D:4      | Noticed a slave
  3755 | D:4      | Noticed Pikel
  3755 | D:4      | Noticed a slave
  3756 | D:4      | XOM: divination: detect creatures
  3767 | D:4      | Banished a slave
  3768 | D:4      | XOM: divination: detect creatures
  3783 | D:4      | XOM: summons friendly shadow imp
  3793 | D:4      | Killed Pikel
  3793 | D:4      | Reached skill level 5 in Fighting
  3793 | D:4      | Reached skill level 5 in Axes
  3793 | D:4      | Reached XP level 7. HP: 22/56 MP: 7/7
  3840 | D:4      | XOM: noise
  3855 | D:4      | Noticed Grinder
  3857 | D:4      | Noticed Grinder
  3857 | D:4      | Grinder changed into Grinder the iron imp
  3857 | D:4      | XOM: polymorph Grinder -> Grinder the iron imp
  3912 | D:3      | XOM: 6-stop teleportation journey
  4232 | D:4      | XOM: silly message
  4235 | D:4      | XOM: summons 1 hostile shadow creature
  4720 | D:4      | Reached skill level 6 in Axes
  4800 | D:4      | Noticed Blork the orc
  4801 | D:4      | Noticed Sigmund
  4802 | D:4      | XOM: divination: detect items
  4809 | D:5      | Entered Level 5 of the Dungeon
  4871 | D:4      | Killed Blork the orc
  4871 | D:4      | Killed Sigmund
  4871 | D:4      | Reached XP level 8. HP: 20/63 MP: 8/8
  5233 | D:4      | Noticed Edmund
  5237 | D:4      | XOM: enchant monster (bad)
  5255 | D:4      | Slain by Edmund

Illustrated notes

Levels and vault maps discovered:
D:1:      saegor_arrival_fortress, layout_basic
D:2:      layout_basic, grunt_temple_overflow_opulence,
          grunt_temple_overflow_magic_moments, lightli_temple_of_fire,
          chequers_temple_overflow_minitemple, serial_glass, glass_columns_a,
          glass_columns_a, uniq_natasha
D:3:      layout_loops_ring, lemuel_coloured_pillars_altar
D:4:      layout_basic, temple_pool_b, first_ration, uniq_edmund, uniq_sigmund,
          uniq_grinder, uniq_pikel, uniq_blork_the_orc
D:5:      layout_loops_ring, fedhas_bush_and_centaur_altar,
          grunt_dithmenos_shadows

Skill      XL: |  1  2  3  4  5  6  7 |
---------------+----------------------+-----
Axes           | 3 4 5 6 |  6.5
Armour         | 2 3 4 |  4.5
Fighting       | 4 5 |  5.4
Dodging        | |  0.8

Action                   |  1- 3 |  4- 6 |  7- 9 || total
-------------------------+-------+-------+-------++-------
Melee: Hand axe          |   104 |    98 |    58 ||   260
       Kick              |    14 |    17 |    18 ||    49
  Use: Scroll            |       |       |     4 ||     4
  Eat: Chunk             |     2 |     3 |     1 ||     6
       Ration            |       |     1 |     1 ||     2
Armor: Leather armour    |    37 |    63 |    22 ||   122
Dodge: Dodged            |    57 |    74 |     9 ||   140
Block: Buckler           |       |    16 |     3 ||    19
       Reflection        |       |     2 |     1 ||     3
